 Dungeon Crawl Stone Soup version 0.22-a0-825-ga28c36f (webtiles) character file.

119 inc the Magician (level 4, -6/30 HPs)
             Began as a Mummy Conjurer on July 24, 2018.
             Killed from afar by Natasha (7 damage)
             ... with a magic dart
             ... on level 2 of the Dungeon.
             The game lasted 00:03:29 (2389 turns).

inc the Magician (Mummy Conjurer)                   Turns: 2389, Time: 00:03:30

Health: -6/30      AC:  5    Str: 11    XL:     4   Next: 73%
Magic:  7/10       EV: 12    Int: 15    God:
Gold:   23         SH:  0    Dex: 12    Spells: 9/12 levels left

rFire    x . .     SeeInvis .   j - +0 short sword
rCold    + . .     Gourm    .   (no shield)
rNeg     + + +     Faith    .   a - +0 robe
rPois    ∞         Spirit   .   e - +0 helmet
rElec    .         Reflect  .   (no cloak)
rCorr    .         Harm     .   (no gloves)
MR       .....                  g - +1 pair of boots
Stlth    ++........             (no amulet)
HPRegen  0.10/turn              (no ring)
MPRegen  0.12/turn              (no ring)

@: slowed, very slow
A: no food or potions, fire vulnerability, cold resistance 1, negative energy
resistance 3, torment resistance, unbreathing
a: no special abilities


You were on level 2 of the Dungeon.
You were not hungry.

You visited 1 branch of the dungeon, and saw 2 of its levels.

You collected 23 gold pieces.

Inventory:

Hand Weapons
 b - a +0 spear
 j - a +0 short sword (weapon)
Armour
 a - a +0 robe (worn)
 e - a +0 helmet (worn)
 g - a +1 pair of boots (worn)
Scrolls
 c - 2 scrolls of identify {unknown}
 d - 2 scrolls of remove curse {unknown}
 f - a scroll of fear {unknown}
 h - a scroll of enchant weapon {unknown}
 i - a scroll of amnesia {unknown}
 k - a scroll of enchant armour {unknown}


   Skills:
 - Level 1.5 Dodging
 - Level 1.5 Stealth
 + Level 4.7 Spellcasting
 + Level 4.3 Conjurations


You had 9 spell levels left.
You knew the following spells:

 Your Spells              Type           Power        Failure   Level  Hunger
a - Magic Dart            Conj           ###.         3%          1    N/A
b - Searing Ray           Conj           ###...       4%          2    N/A

Your spell library contained the following spells:

 Spells                   Type           Power        Failure   Level  Hunger
 Iskenderun's Mystic Bla  Conj           ###.....     28%         4    N/A
 Fulminant Prism          Conj/Hex       ##........   56%         4    N/A
 Dazzling Spray           Conj/Hex       ##....       21%         3    N/A
 Force Lance              Conj/Tloc      ##......     56%         4    N/A

Dungeon Overview and Level Annotations

Branches:
Dungeon (2/15)

Altars:
Xom

Annotations:
D:2 Natasha


Innate Abilities, Weirdness & Mutations

You do not eat or drink.
Your flesh is vulnerable to fire.
You are immune to poison.
Your flesh is cold resistant. (rC+)
You are immune to negative energy. (rN+++)
You are immune to unholy pain and torment.
You can survive without breathing.


Message History

Press: ? - help, Shift-Dir - straight line, f/p - Natasha
Aim: Natasha, carrying a wand of flame (10) (lightly wounded)
The magic dart hits Natasha.
Natasha is lightly wounded.
Natasha casts a spell at you.
You feel yourself slow down.
Casting: Magic Dart (safe; 3% risk of failure)
Confirm with . or Enter, or press ? or * to list all spells.
Aiming: Magic Dart (safe; 3% risk of failure)
Press: ? - help, Shift-Dir - straight line, f/p - Natasha
Aim: Natasha, carrying a wand of flame (10) (lightly wounded)
The magic dart hits Natasha.
Natasha is lightly wounded.
Natasha zaps a wand.
The puff of flame hits you! The fire burns you terribly!
* * * LOW HITPOINT WARNING * * *
Natasha wildly gestures.
Natasha shimmers violently.
Natasha stares at you and mumbles some strange words.
The magic dart hits you!
You die...

#.####.#.......# ##.####
#...........##.# #.#
######.#....h#.#######.#
#.................#
#.#.#..##.#########
#......##.# ###.#.###.#
#.......# ###@##### #.#
#.# #.#### ######.##.##
########...##.#.#.##
#........#.##..###.####
## #.######......##
##[..####### ####.#
####....###.#........#


You could see Natasha.

Vanquished Creatures
  Natasha (D:2)
  5 adders (D:2)
  2 oozes
  A worm (D:2)
  2 leopard geckos
  2 giant cockroaches
  5 goblins
  3 hobgoblins
  2 jackals (D:2)
  5 bats
  6 frilled lizards
  4 kobolds
  4 rats
42 creatures vanquished.

Notes
Turn   | Place    | Note
-------+----------+-------------------------------------------
     0 | D:1      | inc the Mummy Conjurer began the quest for the Orb.
     0 | D:1      | Reached XP level 1. HP: 13/13 MP: 4/4
   229 | D:1      | Reached XP level 2. HP: 17/19 MP: 0/6
   980 | D:2      | Reached XP level 3. HP: 21/24 MP: 0/8
  1243 | D:2      | Learned a level 2 spell: Searing Ray
  1460 | D:2      | Found a shimmering altar of Xom.
  2053 | D:2      | Reached XP level 4. HP: 30/30 MP: 2/10
  2161 | D:2      | Noticed Natasha
  2165 | D:2      | Killed Natasha
  2386 | D:2      | Noticed Natasha
  2389 | D:2      | HP: 1/30 [Natasha/wand of flame (10) (12)]
  2389 | D:2      | Killed from afar by Natasha

Vault maps used:
D:1:      dpeg_arrival_central, minmay_quantized
D:2:      nicolae_overflow_hidden_temple, grunt_ministairs_14, uniq_natasha

Skill      XL: |  1  2  3 |
---------------+----------+-----
Spellcasting   | 3 4 |  4.7
Conjurations   | 4 |  4.3
Dodging        | |  1.5
Stealth        | |  1.5

Action                   |  1- 3 |  4- 6 || total
-------------------------+-------+-------++-------
Melee: Spear             |    44 |       ||    44
 Cast: Magic Dart        |    93 |    17 ||   110
       Searing Ray       |     3 |     1 ||     4
 Stab: Sleeping          |     1 |       ||     1
Armor: Robe              |    15 |       ||    15
Dodge: Dodged            |    23 |     3 ||    26

Table legend:
 A = Spawn XP
 B = Non-spawn XP
 C = Spawn XP percentage of total XP
 D = Spawn monster count
 E = Non-spawn monster count
 F = Spawn count percentage of total count
 G = Total turns spent on level
                    A         B        C        D         E        F      G
               +---------+---------+-------+---------+---------+-------+---------
         Total |       0 |     170 |   0.0 |       0 |      42 |   0.0 |  2389
               +---------+---------+-------+---------+---------+-------+---------
           D:1 |       0 |      26 |   0.0 |       0 |      14 |   0.0 |   820
           D:2 |       0 |     144 |   0.0 |       0 |      28 |   0.0 |  1569
               +---------+---------+-------+---------+---------+-------+---------
